Map: Ice and Chrome LE

Players

Seither - Winner!

  • Race: Terran Terran
  • Spawn Location: 1:00

Probe

  • Race: Protoss Protoss
  • Spawn Location: 7:00

Event: DreamHack SC2 Masters 2020 Summer Oceania RoA

VOD

Have the link to the VOD?

Description

Time

  • Played on: June 24, 2020, 5:12 a.m.
  • Length: 7:23

All games in this series

Show
View Real Time Build Order
Export as new Build Order

Seither Terran - Winner!

Build Orders:  

Get SALT Encoding   

  12  0:00  SCV  
  13  0:12  SCV  
  14  0:17  Supply Depot  
  14  0:25  SCV  
  15  0:38  SCV  
  15  0:39  Barracks  
  16  0:44  Refinery  
  16  0:50  SCV  
  16  0:53  Refinery  
  17  1:02  SCV  
  18  1:07  Supply Depot  
  18  1:14  SCV  
  19  1:27  Orbital Command, Reaper  
  20  1:42  Factory  
  20  1:53  SCV  
  21  2:04  Barracks Reactor  
  21  2:05  SCV  
  22  2:17  SCV  
  22  2:18  Command Center  
  23  2:27  Widow Mine  
  23  2:29  SCV  
  26  2:37  Barracks  
  26  2:42  Marine, SCV  
  26  2:43  Marine  
  29  2:49  Factory Tech Lab  
  29  2:54  SCV  
  30  3:00  Marine  
  31  3:07  Supply Depot  
  31  3:12  Barracks  
  31  3:25  Barracks Tech Lab  
  31  3:29  Marine, SCV  
  31  3:30  Cyclone  
  31  3:32  Orbital Command  
  36  3:41  Marine, SCV  
  36  3:44  Stimpack, Marine  
  36  3:47  Marine  
  40  3:53  Supply Depot, SCV  
  41  3:57  SCV  
  41  4:01  Barracks Tech Lab  
  42  4:05  Siege Tank  
  42  4:07  SCV  
  46  4:10  SCV  
  46  4:12  Marine x2  
  46  4:14  Marine  
  50  4:24  Combat Shield  
  50  4:25  Marauder  
  50  4:28  SCV x2  
  50  4:29  Supply Depot  
  50  4:30  Marine  
  50  4:31  Marine  
  56  4:38  Marauder  
  57  4:39  Siege Tank  
  60  4:46  Marauder  
  60  4:47  Supply Depot  
  60  4:51  SCV x2  
  64  4:56  Supply Depot, Marine x2  
  66  5:04  Marauder  
  66  5:05  SCV x2  
  70  5:09  Marauder  
  70  5:10  Supply Depot  
  70  5:14  Marine x2  
  72  5:16  Siege Tank  
  77  5:27  Marine  
  78  5:29  Marine, SCV x2  
  78  5:31  Marine  
  78  5:32  Supply Depot, Marine, Concussive Shells  
  83  5:37  Supply Depot  
  80  5:44  SCV  
  80  5:45  SCV  
  80  5:47  Marine x2  
  80  5:49  Marine  
  86  5:50  Siege Tank  
  82  5:58  Marine  
  82  5:59  SCV x2  
  85  6:05  Marauder  
  85  6:06  Marauder  
  85  6:07  Marine, Bunker  
  90  6:12  SCV x2  
  90  6:14  Supply Depot  
  92  6:25  Marine  
  89  6:26  Siege Tank, Marauder  
  89  6:27  Marauder  
  89  6:28  SCV x2  
  99  6:36  Supply Depot, Marine, Bunker  
  100  6:41  Bunker  
  100  6:43  Marine  
  101  6:48  Marauder  
  101  6:50  Marine  
  104  6:54  Marine  
  108  7:02  SCV x2  
  108  7:04  Refinery, Supply Depot  
  108  7:06  Engineering Bay  
Show
View Real Time Build Order
Export as new Build Order

Probe Protoss 

Build Orders: 1 Gate Expand, Phoenix Opening 

Get SALT Encoding   

  12  0:00  Probe  
  13  0:12  Probe  
  14  0:17  Pylon  
  14  0:23  Probe  
  15  0:32  Probe  
  15  0:37  Gateway  
  15  0:40  Probe  
  16  0:47  Assimilator  
  17  0:51  Probe  
  18  1:03  Probe  
  19  1:15  Probe  
  20  1:25  Cybernetics Core  
  20  1:31  Nexus  
  20  1:34  Probe  
  21  1:41  Pylon  
  21  1:46  Probe  
  22  1:50  Assimilator  
  22  1:53  Adept  
  22  1:59  Probe  
  23  2:03  Warp Gate  
  24  2:10  Shield Battery  
  24  2:11  Probe  
  24  2:13  Adept  
  25  2:23  Probe  
  28  2:35  Probe  
  29  2:40  Stargate  
  29  2:43  Probe  
  30  2:48  Probe  
  31  2:52  Adept  
  31  2:55  Probe  
  34  3:00  Probe  
  34  3:05  Probe  
  33  3:08  Probe  
  35  3:13  Probe  
  35  3:16  Probe  
  36  3:21  Probe  
  36  3:23  Gateway  
  36  3:24  Gateway  
  36  3:26  Probe  
  38  3:29  Phoenix  
  38  3:33  Probe  
  42  3:40  Probe, Pylon  
  43  3:45  Probe  
  44  3:52  Phoenix, Probe  
  45  3:57  Probe, Pylon  
  45  4:01  Robotics Facility  
  48  4:05  Probe  
  48  4:09  Probe  
  50  4:10  Phoenix  
  50  4:11  Assimilator  
  50  4:14  Assimilator  
  50  4:22  Probe  
  50  4:23  Probe  
  54  4:24  Adept  
  54  4:29  Pylon  
  56  4:32  Phoenix  
  56  4:35  Probe x2  
  60  4:45  Pylon  
  60  4:47  Probe x2  
  60  4:50  Observer  
  61  4:54  Robotics Bay  
  61  4:59  Probe x2  
  63  5:01  Stalker  
  63  5:02  Stalker  
  67  5:09  Pylon  
  67  5:11  Phoenix, Probe  
  67  5:12  Shield Battery  
  70  5:16  Immortal  
  71  5:21  Stalker  
  71  5:24  Shield Battery  
  76  5:29  Zealot  
  78  5:41  Phoenix  
  80  5:46  Stalker x2  
  84  5:53  Stalker  
  84  5:58  Probe  
  83  6:06  Phoenix  
  83  6:09  Nexus  
  83  6:10  Colossus  
  85  6:13  Pylon  
  85  6:14  Pylon  
  85  6:23  Phoenix  
  81  6:26  Zealot x2  
  81  6:30  Pylon  
  87  6:44  Zealot  
  85  6:48  Zealot x2  
  89  6:56  Gateway  
  89  6:57  Pylon  
  89  7:00  Gateway  
Tags
 
Add a new tag
Caveats
  • Supply blocks, unpowered buildings, or Contaminate may cause inaccurate times.
  • Supply counts are checked every 10 seconds.